 Dungeon Crawl Stone Soup version 0.29.0-11-gd7f09526c8 (webtiles) character file.

Game seed: 12406256293340525003

42415 gelatine the Skirmisher (level 13, 0/151 HPs)
             Began as a Demonspawn Fire Elementalist on Sept 5, 2022.
             Was a High Priest of Sif Muna.
             Slain by a torpor snail (7 damage)
             ... on level 3 of the Lair of Beasts.
             The game lasted 01:06:14 (19173 turns).

gelatine the Skirmisher (DsFE)                     Turns: 19173, Time: 01:06:14

Health: 0/151      AC: 26    Str:  9    XL:     13   Next: 85%
Magic:  21/24      EV:  2    Int: 22    God:    Sif Muna [*****.]
Gold:   717        SH:  0    Dex: 13    Spells: 2/26 levels left

rFire   . . .      SeeInvis .   B - +5 arbalest (flame)
rCold   . . .      Faith    .   (shield currently unavailable)
rNeg    . . .      Spirit   .   (body armour currently unavailable)
rPois   +          Reflect  .   (helmet currently unavailable)
rElec   .          Harm     .   (cloak currently unavailable)
rCorr   .          Rampage  .   (gloves currently unavailable)
Will    .....      NoTele   +   (boots currently unavailable)
Stlth   ++........              S - amulet of regeneration
HPRegen 1.15/turn               Q - ring of poison resistance
MPRegen 0.19/turn               k - +4 ring of slaying

@: tree-form, slowed, very slow
A: stationary, stasis, torment immunity, boosted hp, (hooves 2), (large bone
plates 1), ignite blood 2, demonic magic 1
a: Renounce Religion, Channel Magic, Forget Spell, Divine Exegesis


You were on level 3 of the Lair of Beasts.
You worshipped Sif Muna.
Sif Muna was extremely pleased with you.
You were a tree.
You visited 4 branches of the dungeon, and saw 17 of its levels.
You also visited: Ossuary.

You collected 1004 gold pieces.
You spent 287 gold pieces at shops.

Inventory:

Hand Weapons
 x - a +4 long sword
 y - a +4 dagger
 B - a +5 arbalest of flaming (weapon)
 Y - the +1 quarterstaff "Zipt" {pain, rElec rF+ rN+}
   (You found it on level 1 of the Lair of Beasts)

   In the hands of one skilled in necromantic magic, it inflicts extra damage on
   living creatures.
   rF:        It protects you from fire.
   rElec:     It insulates you from electricity.
   rN:        It protects you from negative energy.
Missiles
 e - 3 datura-tipped darts
 q - 63 poisoned darts
 z - 15 boomerangs
 D - 2 silver boomerangs
 N - 7 javelins
 V - 5 curare-tipped darts
Armour
 m - a +2 helmet (melded)
 p - a +2 cloak (melded)
 w - a +2 pair of gloves (melded)
 P - +1 acid dragon scales (melded)
 X - a +2 robe of cold resistance
Magical Staves
 d - a staff of air
Jewellery
 g - a ring of protection from cold
 h - a ring of wizardry
 k - a +4 ring of slaying (right branch)
 o - a +6 ring of intelligence
 Q - a ring of poison resistance (left branch)
 S - an amulet of regeneration (around neck)
 W - a ring of ice
Wands
 t - a wand of paralysis (11)
 u - a wand of polymorph (2)
 C - a wand of iceblast (10)
 E - a wand of quicksilver (15)
 O - a wand of flame (10)
Scrolls
 b - 11 scrolls of teleportation
 f - 3 scrolls of vulnerability
 i - 2 scrolls of torment
 A - a scroll of magic mapping
 F - 4 scrolls of blinking
 G - 3 scrolls of poison
 I - a scroll of summoning
 M - a scroll of silence
Potions
 a - 2 potions of lignification
 j - 3 potions of flight
 l - 3 potions of cancellation {unknown}
 n - 7 potions of curing
 r - a potion of resistance {unknown}
 s - 3 potions of might {unknown}
 H - 2 potions of magic
 J - 3 potions of mutation {unknown}
 K - 3 potions of haste {unknown}
 L - 3 potions of ambrosia {unknown}
Miscellaneous
 c - a phantom mirror


   Skills:
 + Level 9.0 Fighting
 + Level 1.7 Short Blades
 + Level 12.9 Ranged Weapons
 + Level 5.5 Armour
 + Level 8.0 Dodging
 + Level 3.2 Stealth
 + Level 1.1 Shields
 + Level 7.4 Spellcasting
 + Level 4.4 Conjurations
 + Level 1.8 Hexes
 * Level 8.0 Fire Magic
 + Level 0.1 Air Magic
 * Level 6.8 Invocations
 + Level 4.6 Evocations


You had 2 spell levels left.
You knew the following spells:

 Your Spells              Type           Power      Damage    Failure   Level
a - Foxfire               Conj/Fire      100%       2x1d9     1%          1
b - Scorch                Fire           86%        2d9       1%          2
c - Conjure Flame         Conj/Fire      35%        6-21      1%          3
d - Inner Flame           Hex/Fire       29%        N/A       3%          3
e - Flame Wave            Conj/Fire      35%        2d10      6%          4
f - Swiftness             Air            8%         N/A       22%         3
g - Ignition              Fire           21%        3d8       100%        8

Your spell library contained the following spells:

 Spells                   Type           Power      Damage    Failure   Level
 Shock                    Conj/Air       72%        1d7       3%          1
 Ensorcelled Hibernation  Hex/Ice        24%        N/A       9%          2
 Passwall                 Tmut/Erth      6%         N/A       12%         2
 Poisonous Vapours        Pois/Air       16%        N/A       12%         2
 Stone Arrow              Conj/Erth      34%        3d9       10%         3
 Airstrike                Air            4%         2d(1-17)  58%         4
 Animate Armour           Summ/Erth      16%        N/A       61%         4
 Animate Dead             Necr           8%         N/A       61%         4
 Corpse Rot               Necr/Pois/Air  8%         N/A       61%         4
 Olgreb's Toxic Radiance  Pois           8%         N/A       61%         4
 Irradiate                Conj/Tmut      8%         3d14      65%         5
 Blade Hands              Tmut           4%         N/A       91%         5
 Borgnjor's Vile Clutch   Necr/Erth      4%         N/A       91%         5
 Death Channel            Necr           4%         N/A       100%        6
 Dragon Form              Tmut           4%         N/A       100%        7
 Ozocubu's Refrigeration  Ice            4%         4d8       100%        7
 Lehudib's Crystal Spear  Conj/Erth      8%         10d4      100%        8


Dungeon Overview and Level Annotations

Branches:
Dungeon (12/15)            Temple (1/1) D:6            Lair (3/5) D:11
  Snake (1/4) Lair:2          Orc (0/2) D:12        Ossuary (visited)
  Swamp: Lair:2-3    Shoals: Lair:2-3

Altars:
Ashenzari
Cheibriados
Dithmenos
Fedhas
Gozag
Hepliaklqana
Kikubaaqudgha
Makhleb
Nemelex Xobeh
Okawaru
Qazlal
Ru
Sif Muna
Trog
Uskayaw
Vehumet
Wu Jian
Xom
Yredelemnul

Shops:
D:4 *   D:5 (   D:8 (   Snake:1 =!?*


Innate Abilities, Weirdness & Mutations

You are a tree.
Your roots penetrate the ground, keeping you stationary.
You cannot be teleported.
You are immune to unholy pain and torment.
Your maximum health is greatly increased.
Your equipment is partially melded.
((You have hoof-like feet.))
((You are partially covered in large bone plates. (SH +4)))
Your demonic aura often causes spilled blood to erupt in flames.
Spells you cast may paralyse adjacent enemies.


Message History

The torpor snail bites you but does no damage.
Being near the torpor snail leaves you feeling lethargic.
Unknown command.
Fire: B) +5 arbalest (flame)
Press: ? - help, Q - select action, (/) - cycle Shift-Dir - straight line, p - cane toad
Okay, then.
You feel better.
You feel yourself speed up.
The cane toad stings you but does no damage.
The torpor snail bites you but does no damage.
Being near the torpor snail leaves you feeling lethargic.
The cane toad barely misses you.
Fire: B) +5 arbalest (flame)
Press: ? - help, Q - select action, (/) - cycle Shift-Dir - straight line, f - torpor snail, p - cane toad
Aim: a torpor snail (95% to hit)
You shoot a bolt.
The bolt completely misses the torpor snail.
You feel yourself speed up.
The cane toad stings you but does no damage.
The torpor snail bites you.
* * * LOW HITPOINT WARNING * * *
Being near the torpor snail leaves you feeling lethargic.
The cane toad stings you but does no damage.
You feel better.
You feel yourself speed up.
The cane toad stings you but does no damage.
The torpor snail bites you.
* * * LOW HITPOINT WARNING * * *
Being near the torpor snail leaves you feeling lethargic.
The cane toad stings you!
* * * LOW HITPOINT WARNING * * *
You feel better.
You feel yourself speed up. The cane toad stings you!
* * * LOW HITPOINT WARNING * * *
The torpor snail bites you.
* * * LOW HITPOINT WARNING * * *
Being near the torpor snail leaves you feeling lethargic.
The cane toad barely misses you. The torpor snail bites you!
You die...

.........#
.........#
.........#
.........#
.........#
.........##
.......<..##
...........##
........♣w..###
$....††$.F....#
..<.†...###.....
.....†... #....
........## #?..
........# #..
......... .
.........
.........


You could see a torpor snail and a cane toad.

Vanquished Creatures
  Fannar (Lair:2)
  2 boulder beetles (D:12)
  Harold (Lair:2)
  2 hydras
  A naga warrior (Snake:1)
  4 two-headed ogres
  Urug (Lair:2)
  2 naga sharpshooters (Snake:1)
  Sonja (Lair:2)
  2 shock serpents (Snake:1)
  A sea snake (Snake:1)
  A naga ritualist (Snake:1)
  5 mana vipers (Snake:1)
  2 deep elf pyromancers
  An oklob plant (Lair:1)
  3 salamanders (Snake:1)
  An ugly thing (D:12)
  4 elephants (Lair:3)
  8 black mambas
  4 naga magi (Snake:1)
  2 cane toads
  A gargoyle (D:10)
  Maggie (Lair:2)
  An unseen horror (D:11)
  3 kobold demonologists (D:11)
  5 komodo dragons
  A troll (D:11)
  3 polar bears
  Prince Ribbit (D:9)
  A hornet (D:9)
  4 slime creatures (D:12)
  A shadow (D:12)
  A vampire (D:12)
  2 wraiths
  35 yaks
  A wyvern (Lair:1)
  A steam dragon (D:8)
  3 vampire mosquitoes (D:9)
  10 nagas (Snake:1)
  4 acid dragons
  8 water moccasins
  4 sky beasts
  8 orc warriors
  3 black bears
  12 wolves
  3 ogres
  10 centaurs
  4 phantoms
  2 elf zombies (Ossuary)
  7 kobold brigands
  Blork the orc (D:4)
  6 bullfrogs
  3 necrophages
  4 scorpions
  5 wights (D:5)
  6 electric eels
  3 howler monkeys
  A lava snake (Lair:1)
  2 centaur zombies (Ossuary)
  8 orc priests
  5 hounds
  2 gnoll boudas (D:9)
  7 jellies
  Natasha (thrice) (D:3)
  6 hell rats (Lair:1)
  4 iguanas
  10 orc wizards
  2 mummies (Ossuary)
  14 gnolls
  4 adders
  4 shadow imps
  2 white imps
  4 ufetubi
  2 adder zombies (Ossuary)
  3 worms
  A dart slug (D:5)
  52 orcs
  10 endoplasms
  3 giant cockroaches
  11 goblins
  4 hobgoblins
  3 quokkas
  8 ball pythons
  A bat (D:2)
  2 frilled lizards
  3 goblin zombies (Ossuary)
  8 hobgoblin zombies (Ossuary)
  31 kobolds
  5 kobold zombies (Ossuary)
  14 orc zombies (Ossuary)
  3 rats
  A rat zombie (Ossuary)
460 creatures vanquished.

Vanquished Creatures (collateral kills)
  A foxfire (D:9)
1 creature vanquished.

Vanquished Creatures (others)
  699 foxfires
  29 fungi
  33 plants
761 creatures vanquished.

Grand Total: 1222 creatures vanquished

Notes
Turn   | Place    | Note
-------+----------+-------------------------------------------
     0 | D:1      | gelatine the Demonspawn Fire Elementalist began the quest
                  | for the Orb.
     0 | D:1      | Reached XP level 1. HP: 13/13 MP: 3/3
   821 | D:1      | Gained mutation: You have large cloven feet. [demonic
                  | ancestry]
   821 | D:1      | Reached XP level 2. HP: 17/19 MP: 0/5
  1413 | D:1      | Learned a level 2 spell: Scorch
  1832 | D:2      | Gained mutation: Your demonic aura sometimes causes spilled
                  | blood to erupt in flames. [demonic ancestry]
  1832 | D:2      | Reached XP level 3. HP: 23/24 MP: 3/6
  1867 | D:2      | Found a sacrificial altar of Ru.
  2567 | D:3      | Noticed Natasha
  2574 | D:3      | Killed Natasha
  2657 | D:3      | Reached XP level 4. HP: 30/30 MP: 2/8
  2743 | D:3      | Noticed Natasha
  2749 | D:3      | Killed Natasha
  2820 | D:3      | Noticed Natasha
  2825 | D:3      | Killed Natasha
  3453 | D:4      | Gained mutation: Your demonic aura often causes spilled
                  | blood to erupt in flames. [demonic ancestry]
  3453 | D:4      | Reached XP level 5. HP: 35/35 MP: 7/9
  3473 | D:4      | Noticed a phantom
  3479 | D:4      | Killed a phantom
  3766 | D:4      | Noticed a black bear
  3777 | D:4      | Killed a black bear
  3778 | D:4      | Reached skill level 1 in Fighting
  3778 | D:4      | Reached XP level 6. HP: 43/43 MP: 3/11
  3933 | D:4      | Reached skill level 1 in Armour
  3943 | D:4      | Noticed a sky beast
  3957 | D:4      | Found a sand-covered staircase.
  3966 | Ossuary  | Entered an ossuary
  4900 | Ossuary  | Reached XP level 7. HP: 21/48 MP: 0/12
  5429 | D:4      | Found Titedet's Assorted Antiques.
  5500 | D:4      | Bought a pair of gloves for 94 gold pieces
  5530 | D:4      | Noticed Blork the orc
  5537 | D:4      | Killed Blork the orc
  6047 | D:4      | Gained mutation: You have hoof-like feet. [demonic
                  | ancestry]
  6047 | D:4      | Reached XP level 8. HP: 40/57 MP: 5/14
  6065 | D:4      | Reached skill level 5 in Fire Magic
  6657 | D:5      | Entered Level 5 of the Dungeon
  6809 | D:5      | Reached skill level 1 in Short Blades
  6945 | D:5      | Reached skill level 5 in Spellcasting
  7045 | D:5      | Found Kapnedd Fant's Antique Weapon Shop.
  7544 | D:5      | Gained mutation: Spells you cast may paralyse adjacent
                  | enemies. [demonic ancestry]
  7544 | D:5      | Reached XP level 9. HP: 65/65 MP: 11/16
  8157 | D:4      | Bought a glowing arbalest for 157 gold pieces
  8318 | D:6      | Reached skill level 1 in Ranged Weapons
  8329 | D:6      | Learned a level 3 spell: Conjure Flame
  8333 | D:6      | Learned a level 3 spell: Inner Flame
  8338 | D:6      | Learned a level 4 spell: Flame Wave
  8652 | D:6      | Found a staircase to the Ecumenical Temple.
  8723 | D:6      | Reached skill level 2 in Ranged Weapons
  8724 | D:6      | Found a hide-covered altar of Uskayaw.
  8729 | D:6      | Found an opulent altar of Gozag.
  8899 | D:7      | Reached skill level 3 in Ranged Weapons
  9195 | D:7      | Reached skill level 4 in Ranged Weapons
  9362 | D:7      | Noticed an angel
  9642 | D:4      | Bought an emerald potion for 18 gold pieces
  9642 | D:4      | Bought a viscous orange potion for 18 gold pieces
  9730 | D:8      | Reached skill level 5 in Dodging
  9757 | D:8      | Reached skill level 5 in Ranged Weapons
  9796 | D:8      | Noticed a two-headed ogre
  9898 | D:8      | Killed a two-headed ogre
  9899 | D:8      | Reached skill level 1 in Hexes
  9899 | D:8      | Reached XP level 10. HP: 34/73 MP: 8/18
 10127 | D:8      | Found Osa Haup's Weapon Emporium.
 10232 | D:8      | Reached skill level 6 in Ranged Weapons
 10234 | D:8      | Reached skill level 5 in Fighting
 10506 | D:8      | Found a hazy altar of Hepliaklqana.
 10695 | Temple   | Entered the Ecumenical Temple
 10824 | Temple   | Became a worshipper of Sif Muna the Loreminder
 10978 | D:9      | Noticed a death knight
 11588 | D:9      | Noticed a two-headed ogre
 11589 | D:9      | Noticed a two-headed ogre
 11589 | D:9      | Noticed a cyclops
 11590 | D:9      | Noticed a centaur warrior
 11590 | D:9      | Noticed a five-headed hydra
 11590 | D:9      | Noticed a deep elf pyromancer
 11649 | D:9      | Noticed Prince Ribbit
 11653 | D:9      | Killed Prince Ribbit
 11654 | D:9      | Reached skill level 7 in Ranged Weapons
 11853 | D:9      | Reached * piety under Sif Muna
 12168 | D:9      | Noticed a red ugly thing
 12675 | D:10     | Entered Level 10 of the Dungeon
 12702 | D:10     | Noticed a two-headed ogre
 12713 | D:10     | Killed a two-headed ogre
 12714 | D:10     | Reached XP level 11. HP: 51/81 MP: 2/20
 12952 | D:10     | Noticed a two-headed ogre
 12955 | D:10     | Killed a two-headed ogre
 13351 | D:11     | Reached skill level 8 in Ranged Weapons
 13474 | D:11     | Reached ** piety under Sif Muna
 13727 | D:11     | Found a staircase to the Lair.
 13880 | D:11     | Reached skill level 9 in Ranged Weapons
 14419 | D:12     | Noticed a two-headed ogre
 14420 | D:12     | Noticed a deep elf pyromancer
 14421 | D:12     | Noticed a purple ugly thing
 14426 | D:11     | Killed a deep elf pyromancer
 14427 | D:11     | Reached skill level 5 in Armour
 14816 | D:11     | Killed a two-headed ogre
 14817 | D:11     | Reached skill level 1 in Invocations
 14873 | D:12     | Reached skill level 1 in Evocations
 14888 | D:12     | Killed a purple ugly thing
 14888 | D:12     | Reached *** piety under Sif Muna
 14969 | D:12     | Gained mutation: You are partially covered in large bone
                  | plates. (SH +4) [demonic ancestry]
 14969 | D:12     | Reached XP level 12. HP: 80/89 MP: 22/22
 15059 | D:12     | Noticed a boulder beetle
 15077 | D:12     | Killed a boulder beetle
 15078 | D:12     | Reached skill level 10 in Ranged Weapons
 15204 | D:12     | Found a staircase to the Orcish Mines.
 15319 | D:12     | Noticed a boulder beetle
 15329 | D:12     | Killed a boulder beetle
 15456 | D:12     | Learned a level 3 spell: Swiftness
 15532 | Lair:1   | Entered Level 1 of the Lair of Beasts
 15625 | Lair:1   | You fall into a shaft and drop 1 floor!
 15626 | Lair:2   | Noticed Fannar
 15628 | Lair:2   | Noticed Sonja
 15640 | Lair:2   | Killed Sonja
 15646 | Lair:2   | Killed Fannar
 15648 | Lair:2   | Reached **** piety under Sif Muna
 15912 | Lair:1   | Reached skill level 11 in Ranged Weapons
 15984 | Lair:1   | Identified the +1 quarterstaff "Zipt" {pain, rElec rF+ rN+}
 16779 | Lair:2   | Noticed a seven-headed hydra
 16782 | Lair:2   | Killed a seven-headed hydra
 16783 | Lair:2   | Reached skill level 5 in Invocations
 16928 | Lair:2   | Noticed Urug
 16937 | Lair:2   | Killed Urug
 17000 | Lair:2   | Noticed Harold
 17009 | Lair:2   | Killed Harold
 17010 | Lair:2   | Reached skill level 1 in Shields
 17010 | Lair:2   | Reached XP level 13. HP: 98/98 MP: 20/23
 17207 | Lair:2   | Noticed Maggie
 17212 | Lair:2   | Killed Maggie
 17402 | Lair:2   | Found a staircase to the Snake Pit.
 17585 | Snake:1  | Entered Level 1 of the Snake Pit
 17766 | Snake:1  | Reached ***** piety under Sif Muna
 17909 | Snake:1  | Reached skill level 12 in Ranged Weapons
 17993 | Snake:1  | Found Byhaoreu's Jewellery Emporium.
 17995 | Snake:1  | Found Baemos's Magic Scroll Shoppe.
 18006 | Snake:1  | Found Anepaq's Distillery.
 18009 | Snake:1  | Found Dymeprep's General Store.
 18365 | Snake:1  | Received a gift from Sif Muna
 18376 | Snake:1  | Learned a level 8 spell: Ignition
 19173 | Lair:3   | HP: 7/151 [torpor snail (3)]
 19173 | Lair:3   | Slain by a torpor snail

Illustrated notes

Levels and vault maps discovered:
D:1:      roderic_chinese_lattice_arrival, layout_loops_cross,
          serial_co_window_serial, co_window_of_opportunity_a,
          co_window_paths_b, co_window_corner_a, co_window_paths_a,
          co_window_paths_a, co_window_paths_a, co_window_broadway_b,
          co_window_2corner, co_window_broadway_a, co_window_of_opportunity_b,
          co_window_unsneaky_path_c, co_window_paths_d, co_window_paths_e,
          glass_columns_a, glass_columns_a, glass_columns_b, glass_columns_a
D:2:      layout_basic, basic_altar
D:3:      layout_basic, serial_glass, glass_columns_a, glass_columns_a,
          glass_columns_a, glass_columns_a,
          wander_ebering_terrifying_dragon_lair, uniq_natasha
D:4:      minmay_thinvault, layout_basic, nicolae_ossuary_entry_ruins,
          serial_shops, nicolae_diamond_shop, uniq_blork_the_orc
D:5:      layout_loops_cross, serial_shops, shop_statue
D:6:      layout_rooms, grunt_temple_overflow_open,
          minmay_temple_entry_proselytizer
D:7:      layout_cave_pools, zin_angel, serial_column_ruins, column_ruins_hut,
          column_ruins_square_large, column_ruins_columns_corner,
          column_ruins_columns_water, column_ruins_grid_1,
          column_ruins_open_large, column_ruins_grid_1
D:8:      layout_cave_pools, kennysheep_mini_moat, serial_shops,
          nicolae_lakefront_shop, minmay_misc_feat_room, minmay_misc_feat_tower
D:9:      layout_layer_cave, minivault_12, uniq_prince_ribbit1
D:10:     layout_gridville
D:11:     layout_irregular_city, due_lair_maze_entry_diamond
D:12:     layout_rooms, orc_0_dummy
Temple:   nicolae_temple_two_arcs
Lair:1:   minmay_lair_oklob_chamber, layout_gridlike, lemuel_fruit_fields
Lair:2:   layout_cave_pods, dummy_snake_entry, serial_bayou_pond_d,
          grunt_megastairs_3, uniq_harold, uniq_urug, uniq_fannar, uniq_sonja,
          uniq_maggie
Lair:3:   lemuel_reptile_caves, layout_hall_layers, skrybe_swamp_entry_bodies,
          nicolae_lair_liquid_snakes, serial_bayou_shore_b
Snake:1:  layout_layer_cave, nicolae_snake_serpentine_bazaar,
          serial_bayou_shore_a

Skill      XL: |  1  2  3  4  5  6  7  8  9 10 11 12 13 |
---------------+----------------------------------------+-----
Stealth        | 2 3 |  3.2
Fire Magic     | 3 4 5 6 7 8 |  8.0
Dodging        | 2 3 4 5 6 7 8 |  8.0
Conjurations   | 2 3 4 |  4.4
Spellcasting   | 3 4 5 6 7 |  7.4
Fighting       | 1 2 4 5 6 8 9 |  9.0
Armour         | 2 3 4 5 |  5.5
Short Blades   | 1 |  1.7
Ranged Weapons | 5 7 9 11 12 | 12.9
Hexes          | 1 |  1.8
Invocations    | 1 5 6 |  6.8
Evocations     | 1 4 |  4.6
Shields        | 1 |  1.1
Air Magic      | |  0.1

Action                   |  1- 3 |  4- 6 |  7- 9 | 10-12 | 13-15 || total
-------------------------+-------+-------+-------+-------+-------++-------
Melee: Dagger            |    19 |     1 |       |       |       ||    20
       Unarmed           |     4 |       |       |       |       ||     4
       Kick              |     6 |     2 |    14 |       |       ||    22
       Short sword       |       |     8 |    47 |       |       ||    55
       Punch             |       |       |     1 |       |       ||     1
 Fire: Arbalest          |       |       |   102 |   332 |   163 ||   597
 Cast: Foxfire           |    78 |   130 |   182 |    39 |    10 ||   439
       Scorch            |       |    14 |    16 |    45 |     7 ||    82
       Inner Flame       |       |       |    11 |     5 |       ||    16
       Flame Wave        |       |       |     2 |    12 |     2 ||    16
       Conjure Flame     |       |       |     1 |     1 |       ||     2
       Swiftness         |       |       |       |     1 |       ||     1
  Use: Scroll            |     2 |     3 |     6 |    12 |     6 ||    29
       Potion            |       |     2 |       |     1 |     5 ||     8
 Stab: Sleeping          |       |     2 |     1 |       |       ||     3
Armor: Robe              |     9 |    29 |    35 |     2 |       ||    75
       Leather armour    |       |       |       |    10 |       ||    10
       Acid dragon scale |       |       |       |    69 |    32 ||   101
       Skin              |       |       |       |       |    18 ||    18
Dodge: Dodged            |    10 |    46 |    66 |   131 |    46 ||   299
Block: Other             |       |       |       |    15 |    13 ||    28
